Map: Dusk Towers

Players

llllllllllll

  • Race: Zerg Zerg
  • League: Master

Miszu - Winner!

  • Race: Terran Terran
  • League: Master

VOD

Have the link to the VOD?

Description

Time

  • Played on: April 22, 2016, 4:40 p.m.
  • Length: 10:00
Show
View Real Time Build Order
Export as new Build Order

llllllllllll Zerg 

Build Orders: Hatch First, Zergling Baneling 

Get SALT Encoding   

  12  0:00  Drone  
  13  0:12  Overlord  
  13  0:18  Drone  
  14  0:31  Drone x2  
  14  0:34  Drone  
  17  0:53  Hatchery  
  17  0:56  Drone  
  17  0:57  Drone  
  18  1:10  Extractor  
  17  1:12  Spawning Pool  
  17  1:15  Drone  
  17  1:18  Drone  
  18  1:27  Drone  
  19  1:38  Overlord  
  19  1:59  Queen  
  19  2:00  Zergling x4  
  23  2:04  Queen  
  23  2:05  Drone  
  26  2:10  Metabolic Boost  
  26  2:12  Drone  
  27  2:16  Drone  
  27  2:21  Overlord  
  28  2:32  Drone x2  
  28  2:35  Queen  
  32  2:41  Queen  
  34  2:47  Drone x2  
  36  2:53  Drone x2  
  38  3:01  Overlord  
  38  3:04  Drone  
  39  3:09  Drone x3  
  42  3:14  Drone x2  
  44  3:23  Drone x3  
  47  3:31  Baneling Nest, Hatchery  
  45  3:39  Extractor  
  44  3:42  Drone x2  
  44  3:45  Overlord x2  
  44  3:46  Overlord  
  46  3:49  Drone x3  
  46  3:54  Zergling x2  
  46  3:55  Zergling x4  
  52  4:05  Zergling x4  
  54  4:13  Zergling x10  
  59  4:23  Zergling x8  
  63  4:27  Spore Crawler  
  63  4:28  Spore Crawler  
  61  4:35  Zergling x4  
  62  4:48  Zergling x2  
  62  4:49  Zergling x10  
  68  4:57  Baneling  
  68  4:58  Baneling x13  
  66  5:02  Zergling x6  
  66  5:03  Zergling x6  
  72  5:10  Overlord, Zergling x2  
  72  5:11  Overlord  
  50  5:44  Zergling x12  
  50  5:45  Zergling x10  
  56  6:03  Zergling x10  
  61  6:06  Baneling  
  61  6:10  Zergling x2  
  61  6:11  Zergling x4  
  64  6:16  Baneling  
  64  6:17  Baneling x5  
  63  6:19  Baneling x5  
  62  6:25  Zergling x2  
  62  6:26  Zergling x16  
  62  6:30  Lair  
  71  6:34  Zergling x2  
  63  6:50  Zergling x2  
  63  6:51  Zergling x20  
  66  7:00  Zergling x4  
  66  7:08  Drone, Evolution Chamber  
  66  7:09  Evolution Chamber  
  66  7:10  Queen  
  67  7:16  Drone x3  
  70  7:27  Drone x3  
  73  7:30  Centrifical Hooks  
  73  7:32  Drone x3  
  73  7:33  Drone x4, Hatchery  
  71  7:51  Drone x4  
  69  8:03  Drone x8  
  68  8:07  Extractor  
  68  8:09  Extractor  
  66  8:15  Zergling x2  
  66  8:16  Zergling x8  
  66  8:18  Hatchery  
  70  8:21  Extractor  
  70  8:22  Zergling x2  
  70  8:23  Zergling x4  
  72  8:28  Extractor  
  72  8:29  Zergling x6  
  72  8:30  Zergling x8  
  72  8:33  Pneumatized Carapace  
  78  8:34  Spire  
  78  8:37  Drone x2  
  78  8:38  Drone x2  
  81  8:44  Overlord x2  
  81  8:51  Baneling x10  
  81  9:02  Zergling x14  
  88  9:03  Zergling x4  
  88  9:04  Zergling x10  
  95  9:14  Zergling x2  
  96  9:18  Overlord x3  
  96  9:21  Hatchery  
  82  9:35  Zergling x2  
  82  9:36  Zergling x22  
Show
View Real Time Build Order
Export as new Build Order

Miszu Terran - Winner!

Build Orders: Liberator Opening, Reaper Expand, MMM Bio 

Get SALT Encoding   

  12  0:00  SCV  
  13  0:13  SCV  
  14  0:17  Supply Depot  
  14  0:25  SCV  
  15  0:39  SCV  
  15  0:42  Barracks  
  16  0:45  Refinery  
  16  0:51  SCV  
  17  1:03  SCV  
  18  1:15  SCV  
  19  1:29  Orbital Command  
  19  1:30  Reaper  
  20  1:39  Command Center  
  20  1:49  Supply Depot  
  20  1:55  SCV  
  21  2:02  Marine  
  22  2:08  Factory  
  22  2:10  SCV  
  23  2:22  Refinery, SCV  
  25  2:24  Supply Depot  
  25  2:25  Barracks Reactor  
  24  2:34  SCV  
  25  2:48  SCV  
  25  2:51  Orbital Command  
  25  2:56  Starport  
  25  3:00  SCV  
  26  3:13  SCV  
  26  3:14  Factory Tech Lab  
  26  3:15  Marine x2  
  26  3:18  Liberator  
  26  3:19  SCV  
  30  3:25  SCV  
  31  3:31  SCV  
  31  3:32  Marine  
  35  3:37  SCV  
  35  3:39  Supply Depot  
  37  3:43  Marine, SCV  
  39  3:49  SCV  
  39  3:50  Marine  
  41  3:55  SCV  
  41  3:56  Siege Tank  
  41  4:01  SCV, Liberator  
  46  4:03  Command Center  
  46  4:08  SCV  
  47  4:13  SCV  
  48  4:20  SCV  
  52  4:25  SCV  
  52  4:27  Barracks  
  52  4:28  Barracks  
  52  4:29  Marine x2  
  55  4:32  SCV  
  55  4:33  Supply Depot  
  55  4:36  Refinery x2  
  55  4:37  SCV  
  57  4:41  Siege Tank  
  57  4:44  SCV  
  61  4:49  SCV  
  62  4:56  SCV  
  60  5:00  Marine  
  60  5:01  SCV  
  62  5:08  Starport Reactor, SCV  
  62  5:12  Engineering Bay x2  
  62  5:14  SCV  
  64  5:15  Barracks Tech Lab  
  64  5:16  Barracks Tech Lab  
  64  5:17  Barracks  
  64  5:19  Barracks  
  64  5:20  Marine x2, SCV  
  67  5:25  Orbital Command  
  67  5:26  SCV  
  68  5:32  SCV  
  68  5:35  Marine  
  69  5:38  SCV  
  63  5:46  Marine  
  63  5:47  SCV  
  57  5:50  SCV  
  57  5:53  Supply Depot, Marine x3  
  57  5:54  Supply Depot  
  57  5:55  Supply Depot  
  59  6:04  Marine  
  59  6:11  Marine  
  61  6:15  Marine x4, Siege Tank  
  68  6:22  Marine  
  69  6:29  Marine  
  69  6:30  Terran Infantry Weapons Level 1, Terran Infantry Armor Level 1  
  69  6:31  Medivac x2, Orbital Command  
  74  6:33  Marine x4  
  74  6:35  SCV  
  74  6:39  Stimpack  
  79  6:40  Marine  
  70  6:58  Supply Depot  
  70  6:59  Supply Depot  
  70  7:01  Barracks Reactor x2  
  69  7:03  Supply Depot  
  69  7:05  Supply Depot x2  
  69  7:07  Orbital Command  
  69  7:18  Combat Shields  
  69  7:20  Marine, Medivac x2, Siege Tank  
  77  7:24  Supply Depot x2  
  77  7:25  Marine x3  
  80  7:34  SCV x2  
  80  7:35  SCV  
  83  7:37  Marine  
  83  7:38  Marine  
  83  7:39  Marine x2  
  83  7:40  Marine  
  83  7:42  Marine x3  
  91  7:46  SCV x2  
  91  7:47  SCV  
  87  7:55  Marine  
  87  7:56  Marine  
  87  7:57  Marine  
  84  7:58  SCV x2  
  84  8:00  Marine  
  84  8:05  Marine  
  84  8:06  Marine x3  
  84  8:07  Hellion, Medivac x2  
  94  8:12  Marine  
  94  8:13  Marine  
  94  8:15  Marine  
  94  8:18  Marine  
  98  8:23  Marine  
  98  8:24  Marine x3  
  102  8:28  Siege Tank  
  102  8:29  SCV, Armory  
  102  8:30  Marine  
  102  8:31  Marine  
  102  8:32  Marine  
  109  8:36  Marine  
  109  8:37  Medivac, Missile Turret  
  112  8:41  Marine  
  112  8:42  Marine x3  
  112  8:47  Supply Depot x2  
  112  8:48  Supply Depot x3, Marine  
  117  9:08  Marine x8  
  117  9:09  Siege Tank  
  128  9:14  Medivac x2  
  132  9:26  Marine x8  
  125  9:45  SCV  
Tags
 
Add a new tag
Caveats
  • Supply blocks, unpowered buildings, or Contaminate may cause inaccurate times.
  • Supply counts are checked every 10 seconds.